 Dungeon Crawl Stone Soup version 0.17-a0-1769-g54adf96 (webtiles) character file.

19551 abixa the Brawler (level 12, -11/105 (106) HPs)
             Began as a Ghoul Monk on Sept 7, 2015.
             Was a High Priest of Makhleb.
             Mangled by a spatial maelstrom (13 damage)
             ... on level 1 of the Abyss.
             The game lasted 01:17:28 (14570 turns).

abixa the Brawler (Ghoul Monk)                     Turns: 14570, Time: 01:17:29

HP:   -11/105 (106) AC: 17    Str:  9 (13) XL:     12   Next: 70%
MP:   17/17         EV:  8    Int:  3 (5)  God:    Makhleb [*****.]
Gold: 845           SH: 12    Dex: 19      Spells: 0 memorised, 11 levels left

rFire  + + .     SeeInvis +       - Unarmed
rCold  + + .     Clarity  .     B - +2 scale mail {rPois}
rNeg   + + +     SustAt   .     Z - +2 shield of Resistance {rF+ rC+ MR+}
rPois  ∞         Gourm    .     l - +2 helmet of the Realm of Zot {-Cast MR++ Str-3 SInv}
rElec  .         Spirit   .     (no cloak)
rCorr  .         Warding  .     t - +2 pair of gloves
rMut   .         Stasis   .     U - +0 pair of boots
MR     ++++.     NoCast   +     X - amulet of regeneration
Stlth  +.........               G - ring "Alotaax" {rF+ Dex+4}
                                y - ring of protection from magic

@: contaminated, rotting, hasted, glowing, very quick, incredibly resistant to
hostile enchantments, very unstealthy
A: rotting body, claws 1, carnivore 3, cold resistance 1, negative energy
resistance 3, slow healing 1, torment resistance, unbreathing
a: Minor Destruction, Lesser Servant of Makhleb, Major Destruction, Greater
Servant of Makhleb, Renounce Religion


You were on level 1 of the Abyss.
You worshipped Makhleb.
Makhleb was extremely pleased with you.
You were near starving.

You visited 4 branches of the dungeon, and saw 16 of its levels.
You visited the Abyss 1 time.
You also visited: Labyrinth.

You collected 845 gold pieces.

Inventory:

Hand weapons
 d - a +0 greatsling
Missiles
 b - 5 tomahawks (quivered)
 c - 8 exploding sling bullets
 m - 8 javelins of penetration
 o - 18 poisoned needles
 F - a curare-tipped needle
 Q - 42 sling bullets
Armour
 l - the +2 helmet of the Realm of Zot (worn) {-Cast MR++ Str-3 SInv}
   (You found it on level 5 of the Dungeon)

   It affects your strength (-3).
   It affects your resistance to hostile enchantments.
   It lets you see invisible.
   It prevents spellcasting.
 t - a +2 pair of gloves (worn)
 B - a +2 scale mail of poison resistance (worn)
 U - a +0 pair of boots (worn)
 Z - the +2 shield of Resistance (worn) {rF+ rC+ MR+}
   (You found it on level 10 of the Dungeon)

   It protects you from fire.
   It protects you from cold.
   It affects your resistance to hostile enchantments.
Jewellery
 w - an uncursed ring of teleportation
 y - a ring of protection from magic (left hand)
 G - the ring "Alotaax" (right hand) {rF+ Dex+4}
   (You found it on level 6 of the Dungeon)

   [ring of protection from fire]

   It affects your dexterity (+4).
   It protects you from fire.
 K - an uncursed ring of stealth
 O - an uncursed amulet of clarity
 P - the amulet of Soxtyng {rMut +Blink Str-5 Int+5}
   (You found it on level 7 of the Dungeon)

   [amulet of resist mutation]

   It protects you from mutation.
   It affects your strength (-5).
   It affects your intelligence (+5).
   It lets you blink.
 X - an amulet of regeneration (around neck)
Magical devices
 s - a wand of draining (8)
 u - a wand of digging (8)
 D - a wand of paralysis (10)
 E - a wand of enslavement (15)
Scrolls
 r - a scroll of blinking {unknown}
 v - a scroll of fog {unknown}
 z - 3 scrolls of remove curse
 C - 2 scrolls of amnesia
 M - 2 scrolls of magic mapping
 N - a scroll of summoning {unknown}
Potions
 e - a potion of brilliance {unknown}
 h - 2 potions of resistance {unknown}
 i - 5 potions of curing
 j - a potion of cancellation {unknown}
 k - 4 potions of heal wounds
 p - 2 potions of degeneration {unknown}
 q - 3 potions of agility
 x - a potion of poison {unknown}
 A - 2 potions of flight
 J - a potion of invisibility {unknown}
 L - 2 potions of might
 Y - 2 potions of ambrosia {unknown}
Books
 g - a book of the Earth

   Spells                             Type                      Level
   a - Leda's Liquefaction            Hexes/Earth                  4
   b - Bolt of Magma                  Conjuration/Fire/Earth       5
   c - Statue Form                    Transmutation/Earth          6
   d - Iron Shot                      Conjuration/Earth            6
   e - Shatter                        Earth                        9
 I - a book of Spatial Translocations

   Spells                             Type                      Level
   a - Apportation                    Translocation                1
   b - Blink                          Translocation                2
   c - Shroud of Golubria             Charms/Translocation         2
   d - Portal Projectile              Translocation                3
   e - Teleport Other                 Translocation                3
   f - Passage of Golubria            Translocation                4
Miscellaneous
 a - a legendary deck of defence {drawn: 2}
Comestibles
 f - 4 meat rations
 H - a slice of pizza


   Skills:
 - Level 10.0 Fighting
 - Level 6.0 Armour
 - Level 3.0 Dodging
 - Level 2.1 Stealth
 - Level 6.0 Shields
 - Level 15.4 Unarmed Combat
 + Level 8.6 Invocations


You had 11 spell levels left.
You didn't know any spells.

Dungeon Overview and Level Annotations

Branches:
Dungeon (11/15)            Temple (1/1) D:6            Lair (2/8) D:11
    Orc (2/4) D:9

Altars:
Ashenzari
Cheibriados
Dithmenos
Elyvilon
Fedhas
Gozag
Kikubaaqudgha
Makhleb
Nemelex Xobeh
Okawaru
Qazlal
Ru
Sif Muna
Trog
Vehumet
Xom
Yredelemnul
Zin
The Shining One
Beogh
Lugonu

Shops:
D:7 !   D:9 [

Annotations:
Lair:2 Sonja


Innate Abilities, Weirdness & Mutations

Your body is rotting away.
You thrive on raw meat.
You are immune to poison.
You have sharp fingernails.
You are carnivorous and can eat meat at any time.
Your flesh is cold resistant.
You are immune to negative energy.
You heal slowly when monsters are visible.
You are immune to unholy pain and torment.
You can survive without breathing.


Message History

* * * LOW HITPOINT WARNING * * *
The spatial maelstrom hits you but does no damage.
Your balrug hits the spatial maelstrom with a demon whip of draining!
The spatial maelstrom is engulfed in flames.
The spatial maelstrom resists.
The spatial vortex hits you!
* * * LOW HITPOINT WARNING * * *
Space bends around you.
* * * LOW HITPOINT WARNING * * *
Something hits your balrug. Something shocks your balrug!
Your balrug dies!
A spatial vortex comes into view.
A great orb of eyes comes into view.
The great orb of eyes turns its gaze towards you.
A starcursed mass splits.
The starcursed mass shrieks in your mind.
* * * LOW HITPOINT WARNING * * *
The great orb of eyes moves out of view.
The spatial maelstrom barely misses you.
The spatial maelstrom hits you!
You die...

#... ####.##
## ##.# #..# #
###.#...##..##
#.#..#
#X##.#.#
#....##v...4##
#...#....#.#
...#...###
##.##..4#
#@v..#.#.#
#.#..v.## #
..##..###
..###.#v.# #.
#.##..# .. ##
.## # .# #


You could see a starcursed mass, a spatial maelstrom, 3 spatial vortices and a
sixfirhy (wandering).

Vanquished Creatures
  Fannar (D:11)
  Urug (D:10)
  A wretched star (Abyss:1)
  A hill giant (D:11)
  A cyclops (D:11)
  An ugly thing (D:11)
  An elephant (D:11)
  Psyche (D:9)
  5 spiny frogs
  2 komodo dragons (Lair:1)
  A two-headed ogre (D:9)
  2 trolls
  A fire drake (Lair:1)
  A minotaur skeleton (Lab)
  Grinder (D:3)
  A spriggan (D:10)
  19 yaks
  2 hungry ghosts
  2 hippogriffs
  A basilisk (Lair:2)
  A neqoxec (Abyss:1)
  A soldier ant (D:11)
  Edmund (D:5)
  2 porcupines
  6 water moccasins
  3 sky beasts
  7 orc warriors
  3 ice beasts
  A wasp (D:11)
  3 necrophages
  A phantom (D:8)
  The ghost of ololoev the Poker, an average DrSk of Nemelex Xobeh (D:3)
  8 ogres
  7 crocodiles
  3 big kobolds
  3 centaurs
  5 giant frogs
  16 killer bees
  3 scorpions
  11 crimson imps
  2 centaur skeletons
  2 centaur zombies
  A giant frog zombie (D:8)
  A jelly (D:9)
  18 orc wizards
  3 hounds
  9 orc priests
  3 giant frog skeletons (D:10)
  6 worker ants
  7 iguanas
  10 sheep
  A worker ant zombie (D:8)
  6 adders
  3 gnolls (D:5)
  A shadow imp (D:6)
  An ufetubus (Abyss:1)
  An adder zombie (D:7)
  2 oozes
  An adder skeleton (D:4)
  4 worms
  10 giant geckos
  74 orcs
  A bat zombie (D:5)
  4 hobgoblins
  6 quokkas
  3 ball pythons
  10 bats
  5 giant cockroaches
  A giant cockroach zombie (D:5)
  2 giant gecko skeletons (D:5)
  5 giant newts
  8 goblins
  12 jackals
  20 kobolds
  14 rats
  3 rat zombies (D:5)
392 creatures vanquished.

Vanquished Creatures (collateral kills)
  A minotaur (Lab)
  2 large abominations (Abyss:1)
  A sixfirhy (Abyss:1)
4 creatures vanquished.

Vanquished Creatures (others)
  2 fungi (Lair:1)
  A plant (Lair:2)
3 creatures vanquished.

Grand Total: 399 creatures vanquished

Notes
Turn   | Place    | Note
--------------------------------------------------------------
     0 | D:1      | abixa the Ghoul Monk began the quest for the Orb.
     0 | D:1      | Reached XP level 1. HP: 19/19 MP: 0/0
   303 | D:1      | Reached XP level 2. HP: 23/25 MP: 1/1
   356 | D:1      | Reached skill level 5 in Unarmed Combat
   875 | D:2      | Reached XP level 3. HP: 25/31 MP: 2/2
  1591 | D:3      | Noticed ololoev's ghost (average DrSk)
  1798 | D:3      | Found a radiant altar of Vehumet.
  1937 | D:3      | Noticed Grinder
  2004 | D:3      | Paralysed by Grinder for 4 turns
  2196 | D:3      | Killed Grinder
  2196 | D:3      | Reached skill level 7 in Unarmed Combat
  2196 | D:3      | Reached XP level 4. HP: 27/37 MP: 3/3
  2196 | D:3      | Reached XP level 5. HP: 32/44 MP: 4/4
  2196 | D:3      | Reached XP level 6. HP: 36/50 MP: 5/5
  2501 | D:4      | Reached skill level 8 in Unarmed Combat
  2898 | D:4      | Reached XP level 7. HP: 6/59 MP: 6/6
  3397 | D:4      | Reached skill level 5 in Fighting
  3534 | D:4      | Noticed a moth of wrath
  3537 | D:4      | Found a bloodstained altar of Trog.
  4051 | D:3      | Reached skill level 9 in Unarmed Combat
  4461 | D:3      | Killed ololoev's ghost
  4461 | D:3      | Reached XP level 8. HP: 31/68 MP: 7/7
  4659 | D:3      | Found a sparkling altar of Nemelex Xobeh.
  5142 | D:5      | Entered Level 5 of the Dungeon
  5230 | D:5      | Found a basalt altar of Yredelemnul.
  5426 | D:5      | Got a brightly glowing helmet
  5442 | D:5      | Identified the +2 helmet of the Realm of Zot {-Cast MR++ Str-3 SInv} (You found it on level 5 of the Dungeon)
  5485 | D:5      | Found a shimmering altar of Xom.
  5509 | D:5      | Reached skill level 10 in Unarmed Combat
  5686 | D:5      | Found an ancient bone altar of Kikubaaqudgha.
  5816 | D:5      | Noticed Edmund
  5830 | D:5      | Killed Edmund
  6235 | D:5      | Reached XP level 9. HP: 62/81 MP: 8/8
  6392 | D:6      | Found a staircase to the Ecumenical Temple.
  6402 | Temple   | Entered the Ecumenical Temple
  6440 | Temple   | Became a worshipper of Makhleb the Destroyer
  6440 | Temple   | Acquired Makhleb's first power
  6440 | Temple   | Acquired Makhleb's second power
  6521 | D:6      | Found a shimmering altar of Xom.
  6523 | D:6      | Noticed an angel
  6527 | D:6      | Found a glowing silver altar of Zin.
  6551 | D:6      | Reached skill level 11 in Unarmed Combat
  6817 | D:6      | Got a heavily runed lapis lazuli ring
  6825 | D:6      | Identified the ring "Alotaax" {rF+ Dex+4} (You found it on level 6 of the Dungeon)
  7042 | D:6      | Found an opulent altar of Gozag.
  7042 | D:6      | Found a deep blue altar of Sif Muna.
  7122 | D:7      | Found a white marble altar of Elyvilon.
  7325 | D:7      | Found Horeatz's Distillery.
  7446 | D:7      | Reached skill level 1 in Armour
  7636 | D:7      | Found a snail-covered altar of Cheibriados.
  7730 | D:7      | Got a wavering brass amulet
  7747 | D:7      | Found a shadowy altar of Dithmenos.
  8033 | D:8      | Found an iron altar of Okawaru.
  8123 | D:8      | Acquired Makhleb's third power
  8537 | D:8      | Reached skill level 12 in Unarmed Combat
  8763 | D:9      | Found Eroiz's Armour Boutique.
  8842 | D:8      | Reached XP level 10. HP: 51/90 MP: 9/9
  9480 | D:9      | Acquired Makhleb's fourth power
  9624 | D:9      | Reached skill level 13 in Unarmed Combat
  9664 | D:9      | Found a staircase to the Orcish Mines.
  9946 | D:9      | Found a deep blue altar of Sif Muna.
 10069 | Orc:1    | Entered Level 1 of the Orcish Mines
 10082 | D:9      | Reached skill level 5 in Armour
 10203 | Orc:1    | Acquired Makhleb's fifth power
 10345 | Orc:2    | Found a roughly hewn altar of Beogh.
 10345 | Orc:2    | Noticed an orc knight
 10403 | D:10     | Entered Level 10 of the Dungeon
 10421 | D:10     | Reached skill level 1 in Invocations
 10473 | D:10     | Reached skill level 10 in Fighting
 10536 | D:10     | Noticed Urug
 10574 | D:10     | Noticed Psyche
 10582 | D:9      | Killed Psyche
 10593 | D:10     | Reached skill level 1 in Shields
 10595 | D:10     | Reached XP level 11. HP: 99/99 MP: 11/11
 10641 | D:10     | Identified the amulet of Soxtyng {rMut +Blink Str-5 Int+5} (You found it on level 7 of the Dungeon)
 11053 | D:10     | Killed Urug
 11236 | D:11     | Reached skill level 14 in Unarmed Combat
 11266 | D:11     | Noticed Fannar
 11386 | D:11     | Killed Fannar
 11403 | D:11     | Found a labyrinth entrance.
 11430 | Lab      | Entered a labyrinth
 11528 | Lab      | Reached skill level 5 in Invocations
 11601 | Lab      | Noticed a minotaur
 11953 | Lab      | Killed a minotaur
 12031 | Lab      | Identified the Handbook of Lucky Dislocation
 12101 | D:11     | Found a staircase to the Lair.
 12119 | Lair:1   | Entered Level 1 of the Lair of Beasts
 12291 | D:11     | Noticed a hill giant
 12301 | D:11     | Killed a hill giant
 12610 | D:11     | Reached XP level 12. HP: 106/106 MP: 16/16
 12943 | Lair:1   | Reached skill level 5 in Shields
 13695 | Lair:1   | Reached skill level 15 in Unarmed Combat
 13840 | Lair:2   | Noticed Sonja
 13881 | Lair:2   | Cast into the Abyss (Sonja)
 14005 | Abyss:1  | Noticed a starcursed mass
 14315 | Abyss:1  | HP: 2/102 [merfolk/trident of flaming[a worldbinder] (4)]
 14519 | Abyss:1  | Noticed a starcursed mass
 14532 | Abyss:1  | Noticed a bone dragon
 14552 | Abyss:1  | Noticed a starcursed mass
 14570 | Abyss:1  | Noticed a great orb of eyes
 14570 | Abyss:1  | HP: 2/105 [starcursed mass/accursed screaming (7)]
 14570 | Abyss:1  | Mangled by a spatial maelstrom

Vault maps used:
D:1:      matt_arrival_los_fun
D:3:      nicolae_overflow_hidden_temple, nemelex_deck, first_bread,
          uniq_grinder
D:4:      tgw_trog, minmay_close_crescents
D:5:      lemuel_zombie_altar_kikubaaqudgha, yredelemnul_altar_generic,
          corexii_shack, led_xom_imps, uniq_edmund
D:6:      grunt_temple_overflow_order_and_chaos_1,
          gammafunk_temple_overflow_elements, minmay_temple_entry_grid
D:7:      grunt_dithmenos_smoke_and_mirrors, lemuel_round_altar,
          lemuel_doored_altar, serial_shops, shop_fountains
D:8:      okawaru_metal_pillars_1_2
D:9:      kennysheep_orc_sif_temple, hiddenorc2_lemuel, serial_shops, shop
D:10:     hangedman_stone_soup, uniq_psyche, uniq_urug
D:11:     david_lair_generic, lab_entry_generic, uniq_fannar
Temple:   corrupted_temple
Lair:2:   st_stairs_11, ice2_lemuel, uniq_sonja
Orc:2:    serial_shops, nicolae_shop_waterfront, mines1_david
Lab:      nicolae_lab_dead_adventurers, labyrinth_skeletal_remains,
          nicolae_lab_big_swirl

Action                   |  1- 3 |  4- 6 |  7- 9 | 10-12 || total
-------------------------+-------+-------+-------+-------++-------
Melee: Unarmed           |   166 |    72 |   555 |   954 ||  1747
Invok: Lesser Servant of |       |       |       |     2 ||     2
       Greater Servant o |       |       |       |     4 ||     4
Evoke: Wand              |       |       |       |     4 ||     4
       Deck              |       |       |       |     2 ||     2
  Use: Scroll            |       |       |     8 |    12 ||    20
       Potion            |       |       |       |     4 ||     4
 Stab: Sleeping          |     7 |     1 |     1 |       ||     9
       Distracted        |       |       |       |     2 ||     2
  Eat: Chunk             |    18 |       |    25 |    31 ||    74
